 Dungeon Crawl Stone Soup version 0.17.1-3-g152610e (webtiles) character file.

74 Enish the Slasher (level 4, 0/29 HPs)
             Began as a High Elf Skald on Apr 27, 2016.
             Slain by an adder (4 damage)
             ... on level 2 of the Dungeon.
             The game lasted 00:03:14 (2569 turns).

Enish the Slasher (High Elf Skald)                  Turns: 2569, Time: 00:03:15

Health: 0/29       AC:  4    Str: 11    XL:     4   Next: 10%
Magic:  8/8        EV: 11    Int: 16    God:
Gold:   61         SH:  0    Dex: 15    Spells: 2 memorised, 4 levels left

rFire  . . .     SeeInvis .     a - +0 falchion
rCold  . . .     Clarity  .     b - +0 leather armour
rNeg   . . .     SustAt   .     (no shield)
rPois  .         Gourm    .     q - +0 helmet
rElec  .         Spirit   .     (no cloak)
rCorr  .         Warding  .     (no gloves)
rMut   .         Stasis   .     (no boots)
MR     .....                    (no amulet)
Stlth  +.........               (no ring)
                                (no ring)

@: lethally poisoned (0 -> -9), not resistant to hostile enchantments, very
unstealthy
A: no striking features
a: no special abilities


You were on level 2 of the Dungeon.
You were hungry.

You visited 1 branch of the dungeon, and saw 2 of its levels.

You collected 61 gold pieces.

Inventory:

Hand Weapons
 a - a +0 falchion (weapon)
Armour
 b - a +0 leather armour (worn)
 q - a +0 helmet (worn)
Scrolls
 e - 2 scrolls of enchant armour {unknown}
 f - 2 scrolls of remove curse {unknown}
 h - 2 scrolls of recharging {unknown}
 j - 2 scrolls of identify {unknown}
 n - a scroll of teleportation {unknown}
 o - 3 scrolls of blinking {unknown}
Potions
 g - 2 potions of degeneration {unknown}
 i - a potion of experience {unknown}
 l - 2 potions of agility
 m - a potion of lignification {unknown}
 p - 2 potions of heal wounds {unknown}
 s - 2 potions of curing {unknown}
Books
 c - a book of Battle

   Spells                             Type                      Level
   a - Infusion                       Charms                       1
   b - Shroud of Golubria             Charms/Translocation         2
   c - Song of Slaying                Charms                       2
   d - Spectral Weapon                Hexes/Charms                 3
   e - Regeneration                   Charms/Necromancy            3
Comestibles
 d - 3 bread rations
 k - 2 slices of pizza
 r - a meat ration
 t - a chunk of flesh


   Skills:
 - Level 2.0 Fighting
 * Level 5.2 Long Blades
 - Level 0.8 Armour
 - Level 1.1 Dodging
 - Level 0.5 Stealth
 - Level 2.4 Spellcasting
 - Level 3.6 Charms


You had 4 spell levels left.
You knew the following spells:

 Your Spells              Type           Power        Failure   Level  Hunger
a - Infusion              Chrm           ##....       8%          1    #......
b - Song of Slaying       Chrm           ##......     12%         2    ###....


Dungeon Overview and Level Annotations

Branches:
Dungeon (2/15)

Altars:
Trog


Message History

The adder is heavily wounded.
You feel sick. The adder bites you but does no damage.
The kobold hits you with a dagger. The adder barely misses you.
You completely miss the adder.
The adder is heavily wounded.
You feel sick. The kobold closely misses you. The adder closely misses you.
You closely miss the adder.
The adder is heavily wounded.
* * * LOW HITPOINT WARNING * * *
You feel sick. The kobold hits you but does no damage.
The adder completely misses you.
You are too injured to fight recklessly!
You are too injured to fight recklessly!
You hit the adder but do no damage.
The adder is heavily wounded.
* * * LOW HITPOINT WARNING * * *
You feel sick. The adder bites you.
* * * LOW HITPOINT WARNING * * *
The kobold hits you but does no damage. The adder bites you.
You die...

##..#.### #.# ##.#.#########.
#...#...######.##.....# ##.
#.#####...(.......#.##########..
#...#............... ##........÷
##..#.#.####.#.##.. ....######..
#....#.# ##.#>##. .≈≈≈ ##.
#....#.# #.#..# ..≈[≈..######.
###..#.# ##..K##...≈≈≈.........
#..#.# #....@S........######.
#..#.###.#..##..#.## #.
#...#....#..##..#.# #.
#..#.#####..##..#.# #.
#..#.#####..##..#.# #.
###.##...(........#.# ##.
#...#########.###.#.# #.. #<#.#
#.##.#..# ##.. #.#.# #.#.###.##
#..#


You could see an adder and a kobold.

Vanquished Creatures
  An adder (D:2)
  An ooze (D:1)
  A worm (D:2)
  A giant gecko (D:2)
  An orc (D:2)
  8 bats
  2 giant cockroaches
  6 hobgoblins
  11 kobolds
  A quokka (D:2)
  2 giant newts (D:1)
  6 goblins
  4 jackals (D:2)
  9 rats
54 creatures vanquished.

Notes
Turn   | Place    | Note
--------------------------------------------------------------
     0 | D:1      | Enish the High Elf Skald began the quest for the Orb.
     0 | D:1      | Reached XP level 1. HP: 14/14 MP: 4/4
   292 | D:1      | Reached XP level 2. HP: 16/19 MP: 6/6
   374 | D:1      | Learned a level 2 spell: Song of Slaying
   735 | D:1      | Reached skill level 4 in Long Blades
  1021 | D:1      | Reached XP level 3. HP: 22/24 MP: 7/7
  1464 | D:2      | HP: 1/24 [kobold/dagger (4)]
  2086 | D:2      | Found a faded altar to an unknown god.
  2258 | D:2      | Reached skill level 5 in Long Blades
  2267 | D:2      | Reached XP level 4. HP: 29/29 MP: 8/8
  2320 | D:2      | Noticed a moth of wrath
  2323 | D:2      | Found a bloodstained altar of Trog.
  2569 | D:2      | Slain by an adder

Action                   |  1- 3 |  4- 6 || total
-------------------------+-------+-------++-------
Melee: Falchion          |   193 |    32 ||   225
  Eat: Chunk             |     4 |     1 ||     5
